 Dungeon Crawl Stone Soup version 0.32-a0-872-g59262bdc9b (webtiles) character file.

Game seed: 15648556996250778809

27 PriceMaster the Apothecary (level 2, -3/19 HPs)
             Began as a Demonspawn Alchemist on Mar 30, 2024.
             Slain by Sigmund
             ... wielding a +0 scythe
              (4 damage)
             ... on level 2 of the Dungeon.
             The game lasted 00:01:37 (959 turns).

PriceMaster the Apothecary (Demonspawn Alchemist)    Turns: 959, Time: 00:01:37

Health: -3/19      AC:  3    Str:  8    XL:     2   Next: 93%
Magic:  0/5        EV: 13    Int: 15    God:
Gold:   71         SH:  0    Dex: 13    Spells: 4/5 levels left

rFire   . . .        i - +6 dagger
rCold   . . .        (no shield)
rNeg    . . .        a - +0 robe
rPois   .            f - +0 helmet
rElec   .            (no cloak)
rCorr   .            (no gloves)
SInv    .            (no boots)
Will    .....        (no amulet)
Stlth   ++           (no ring)
HPRegen 0.23/turn    (no ring)
MPRegen 0.09/turn

%: no passive effects
@: brilliant, very slightly contaminated
A: repulsion field 1
a: no special abilities


You were on level 2 of the Dungeon.
You visited 1 branch of the dungeon, and saw 2 of its levels.

You collected 71 gold pieces.

Inventory:

Hand Weapons
 h - a +0 short sword
 i - a +6 dagger (weapon)
Armour
 a - a +0 robe (worn)
 f - a +0 helmet (worn)
Jewellery
 k - a ring of protection from fire
Scrolls
 e - 2 scrolls of identify {unknown}
 g - a scroll of teleportation {unknown}
 j - a scroll of vulnerability {unknown}
 l - a scroll of enchant weapon {unknown}


   Skills:
 * Level 0.2 Fighting
 + Level 1.7 Dodging
 + Level 1.9 Stealth
 + Level 0.1 Unarmed Combat
 + Level 2.4 Spellcasting
 + Level 1.3 Conjurations
 * Level 3.4 Alchemy


You had 4 spell levels left.
You knew the following spells:

 Your Spells              Type           Power      Damage    Failure   Level
a - Sting                 Conj/Alch      52%        1d6       8%          1

Your spell library contained the following spells:

 Spells                   Type           Power      Damage    Failure   Level
 Mercury Vapours          Alch/Air       20%        N/A       16%         2
 Apportation              Tloc           4%         N/A       22%         1
 Necrotise                Necr           8%         1d4       22%         1
 Summon Small Mammal      Summ           8%         N/A       22%         1
 Mephitic Cloud           Conj/Alch/Air  10%        N/A       32%         3
 Olgreb's Toxic Radiance  Alch           18%        N/A       45%         4
 Fugue of the Fallen      Necr           2%         N/A       54%         3
 Ozocubu's Armour         Ice            2%         N/A       54%         3
 Sticky Flame             Fire/Alch      10%        2d5       71%         4
 Manifold Assault         Tloc           1%         N/A       100%        7


Dungeon Overview and Level Annotations

Branches:
Dungeon (2/15)

Altars:

Annotations:
D:2 Sigmund


Innate Abilities, Weirdness & Mutations

You are surrounded by a mild repulsion field. (EV +2)


Message History

Press: ? - help, Shift-Dir - straight line, f - ball python
Aim: a ball python (68% to hit)
You feel a surge of power!
The sting hits the ball python.
The ball python is poisoned.
The ball python is severely wounded.
Something barely misses you.
Casting: Sting (safe; 8% risk of failure)
Confirm with . or Enter, or press ? or * to list all spells.
Aiming: Sting (safe; 8% risk of failure)
Press: ? - help, Shift-Dir - straight line You feel a surge of power!
You miscast Sting.
You are very lightly contaminated with residual magic.
Nothing appears to happen.
Unknown command.
You miss something.
You kill the ball python!
Something hits you.
You hit something but do no damage.
You hear some strange, mumbled words.
Something tries to affect you, but you resist.
Unknown command.
Casting: Sting (safe; 8% risk of failure)
Confirm with . or Enter, or press ? or * to list all spells.
Aiming: Sting (safe; 8% risk of failure)
Press: ? - help, Shift-Dir - straight line You feel a surge of power!
The sting hits something.
Something hits you.
Casting: Sting (safe; 8% risk of failure)
Confirm with . or Enter, or press ? or * to list all spells.
Aiming: Sting (safe; 8% risk of failure)
Press: ? - help, Shift-Dir - straight line You feel a surge of power!
You miscast Sting.
Nothing appears to happen.
Unknown command.
You hit something.
You hear some strange, mumbled words.
A puff of flame appears from out of thin air!
The puff of flame hits you!
Ouch! That really hurt!
* * * LOW HITPOINT WARNING * * *
You miss something. Something hits you.
You die...

...... .......
..... .... #.
... #.#####†#
#.#...{.##
#####.....@†.#
...!#........#
###..........#
.............#
###.........#
.....#.......#
.###.#....(..##
.....#........##
(....#.........#


There were no monsters in sight!

Vanquished Creatures
  A dart slug (D:2)
  An endoplasm (D:1)
  A giant cockroach (D:1)
  3 goblins
  4 hobgoblins
  A kobold (D:1)
  A quokka (D:1)
  5 ball pythons
  5 rats
22 creatures vanquished.

Notes
Turn   | Place    | Note
-------+----------+-------------------------------------------
     0 | D:1      | PriceMaster the Demonspawn Alchemist began the quest for
                  | the Orb.
     0 | D:1      | Reached XP level 1. HP: 13/13 MP: 3/3
   596 | D:1      | Gained mutation: You are surrounded by a mild repulsion
                  | field. (EV +2) [demonic ancestry]
   596 | D:1      | Reached XP level 2. HP: 19/19 MP: 0/5
   934 | D:2      | Noticed Sigmund
   959 | D:2      | Slain by Sigmund

Illustrated notes

Levels and vault maps discovered:
D:1:      lemuel_arrival_rhombus, layout_basic, minivault_5
D:2:      layout_rooms, uniq_sigmund, uniq_terence

Action                     || total
---------------------------++-------
  Melee: Short sword       ||     5
         Unarmed           ||     2
         Dagger            ||    24
   Cast: Sting             ||    21
    Use: Potion            ||     3
   Stab: Sleeping          ||     2
         Distracted        ||     1
 Armour: Robe              ||    28
  Dodge: Dodged            ||    22

Table legend: (Time is in decaauts)
 A = Elapsed time spent in this place.
 B = Non-inter-level travel time spent in this place.
 C = Inter-level travel time spent in this place.
 D = Time resting spent in this place.
 E = Time spent auto-exploring this place.
 F = Levels seen in this place.
 G = Mean time per level.
                   A        B        C        D        E       F      G
               +--------+--------+--------+--------+--------+-----+--------+
         Total |    957 |    935 |     22 |      0 |    802 |   2 |  478.5 |
       Dungeon |    957 |    935 |     22 |      0 |    802 |   2 |  478.5 |
               +--------+--------+--------+--------+--------+-----+--------+

Top non-repeatable levels by time:
     D:1: 904 daAuts
     D:2: 53 daAuts
